 Dungeon Crawl Stone Soup version 0.23.2-40-g277498a001 (webtiles) character file.

Game seed: 7145404762654984301

211 Kikorro the Shield-Bearer (level 5, 0/46 HPs)
             Began as a Draconian Fighter on Sept 4, 2019.
             Slain by an orc
             ... wielding a +0 club
              (6 damage)
             ... on level 4 of the Dungeon.
             The game lasted 00:10:17 (3089 turns).

Kikorro the Shield-Bearer (Draconian Fighter)       Turns: 3089, Time: 00:10:19

Health: 0/46       AC:  6    Str: 20    XL:     5   Next: 57%
Magic:  5/5        EV: 16    Int:  8    God:
Gold:   173        SH: 10    Dex: 15    Spells: 4/4 levels left

rFire    . . .     SeeInvis .   a - +0 long sword
rCold    . . .     Gourm    +   b - +0 shield
rNeg     . . .     Faith    .   (armour unavailable)
rPois    .         Spirit   .   (helmet restricted)
rElec    .         Reflect  .   q - +0 cloak (curse)
rCorr    .         Harm     .   (no gloves)
MR       .....                  (no boots)
Stlth    +++.......             h - amulet of the gourmand
HPRegen  0.15/turn              (no ring)
MPRegen  0.09/turn              (no ring)

@: agile
A: unfitting armour, cold-blooded, AC +5
a: no special abilities


You were on level 4 of the Dungeon.
You were very full.

You visited 1 branch of the dungeon, and saw 4 of its levels.

You collected 173 gold pieces.

Inventory:

Hand Weapons
 a - a +0 long sword (weapon)
Armour
 b - a +0 shield (worn)
 q - a cursed +0 cloak (worn)
Jewellery
 h - an amulet of the gourmand (around neck)
Wands
 n - a wand of flame (6)
Scrolls
 e - a scroll of magic mapping
 f - a scroll of immolation {unknown}
 g - a scroll of fog
 k - 2 scrolls of enchant armour
 m - a scroll of fear {unknown}
 o - a scroll of enchant weapon
Potions
 c - a potion of might
 i - a potion of haste {unknown}
 j - 3 potions of heal wounds
 l - 4 potions of curing
 p - a potion of agility
Comestibles
 d - 7 rations


   Skills:
 + Level 4.0 Fighting
 + Level 3.8 Long Blades
 + Level 3.5 Dodging
 + Level 0.5 Stealth
 + Level 4.1 Shields


You had 4 spell levels left.
You didn't know any spells.
Your spell library was empty.

Dungeon Overview and Level Annotations

Branches:
Dungeon (4/15)
 Temple: D:4-7

Altars:


Innate Abilities, Weirdness & Mutations

Your plain brown scales are hard. (AC +5)
You cannot fit into any form of body armour.
You are cold-blooded and may be slowed by cold attacks.


Message History

The orc priest invokes the aid of Beogh against you.
Beogh smites you!
* * * LOW HITPOINT WARNING * * *
You hit the orc priest. You tail-slap the orc priest.
The orc priest is almost dead.
You block the orc priest's attack.
The orc wizard hits you but does no damage.
The orc wizard gestures wildly while chanting.
The orc wizard blinks!
You block the orc priest's attack.
You hit the orc priest but do no damage.
The orc priest is severely wounded.
You block the orc priest's attack. The orc completely misses you.
You barely miss the orc priest.
You tail-slap the orc priest, but do no damage.
The orc priest is severely wounded.
The orc priest calls down the wrath of Beogh upon you.
Beogh smites you!
* * * LOW HITPOINT WARNING * * *
The orc hits you with a +0 club.
You die...

..o...%.............
o..............#....
...?...........####.
...............###..
....................
..o................. #
......##............
#..#######............
#.oo@o.).............
#.(.#####.#...........
....# ...#...........
### .................
.....####..........
....# ##.....#... ....
########## ...


You could see an orc priest, an orc wizard and an orc.

Vanquished Creatures
  A crimson imp (D:4)
  Crazy Yiuf (D:3)
  An orc wizard (D:4)
  An iguana (D:4)
  3 adders
  An ooze (D:1)
  2 dart slugs
  A leopard gecko (D:2)
  3 orcs (D:4)
  8 bats
  3 giant cockroaches
  3 goblins
  7 hobgoblins
  A quokka (D:2)
  3 frilled lizards
  11 kobolds
  6 rats
56 creatures vanquished.

Notes
Turn   | Place    | Note
-------+----------+-------------------------------------------
     0 | D:1      | Kikorro the Draconian Fighter began the quest for the Orb.
     0 | D:1      | Reached XP level 1. HP: 19/19 MP: 1/1
    74 | D:1      | Reached XP level 2. HP: 18/26 MP: 2/2
   840 | D:2      | Reached XP level 3. HP: 23/31 MP: 3/3
  1662 | D:3      | Reached XP level 4. HP: 40/40 MP: 4/4
  1749 | D:3      | Found a runed translucent door.
  1750 | D:3      | Noticed Crazy Yiuf
  2460 | D:3      | Killed Crazy Yiuf
  2788 | D:4      | Reached XP level 5. HP: 45/46 MP: 5/5
  3089 | D:4      | Slain by an orc

Skill      XL: |  1  2  3  4  5 |
---------------+----------------+-----
Dodging        | 3 |  3.5
Long Blades    | 3 |  3.8
Shields        | 4 |  4.1
Fighting       | 4 |  4.0
Stealth        | |  0.5

Action                   |  1- 3 |  4- 6 || total
-------------------------+-------+-------++-------
Melee: Long sword        |    96 |    78 ||   174
       Tailslap          |    11 |    14 ||    25
  Use: Scroll            |     5 |     3 ||     8
       Potion            |       |     2 ||     2
  Eat: Chunk             |     2 |    10 ||    12
       Ration            |       |     1 ||     1
Armor: Skin              |    24 |    30 ||    54
Dodge: Dodged            |    51 |    30 ||    81
Block: Shield            |    53 |    48 ||   101
       Rpst.: Long sword |    17 |    12 ||    29
